 Dungeon Crawl Stone Soup version 0.22-a0-542-gce4f928 (webtiles) character file.

56 iamserjio the Insei (level 3, 0/33 HPs)
             Began as a Draconian Monk on June 24, 2018.
             Slain by a hobgoblin
             ... wielding a +0 flail
              (3 damage)
             ... on level 2 of the Dungeon.
             The game lasted 00:03:38 (438 turns).

iamserjio the Insei (Draconian Monk)                 Turns: 438, Time: 00:03:39

Health: 0/33       AC:  5    Str: 13    XL:     3   Next: 71%
Magic:  3/3        EV: 13    Int: 11    God:
Gold:   45         SH:  0    Dex: 13    Spells: 2/2 levels left

rFire    + . .     SeeInvis .     - Unarmed
rCold    . . .     Gourm    .   (no shield)
rNeg     . . .     Faith    .   (armour unavailable)
rPois    .         Spirit   .   (helmet restricted)
rElec    .         Reflect  .   (no cloak)
rCorr    .         Harm     .   (no gloves)
MR       .....                  (no boots)
Stlth    ++........             (no amulet)
HPRegen  0.11/turn              b - ring of protection from fire
MPRegen  0.08/turn              (no ring)

@: no status effects
A: unfitting armour, cold-blooded, AC +5
a: no special abilities


You were on level 2 of the Dungeon.
You were not hungry.

You visited 1 branch of the dungeon, and saw 2 of its levels.

You collected 45 gold pieces.

Inventory:

Missiles
 d - 11 stones (quivered)
Jewellery
 b - a ring of protection from fire (left hand)
Scrolls
 f - a scroll of teleportation {unknown}
Potions
 c - a potion of curing {@q1}
 e - a potion of cancellation {unknown}
Comestibles
 a - 2 rations


   Skills:
 - Level 4.0 Fighting
 - Level 2.7 Dodging
 - Level 1.7 Stealth
 * Level 4.2 Unarmed Combat


You had 2 spell levels left.
You didn't know any spells.
Your spell library was empty.

Dungeon Overview and Level Annotations

Branches:
Dungeon (2/15)

Altars:
Ru


Innate Abilities, Weirdness & Mutations

Your plain brown scales are hard. (AC +5)
You cannot fit into any form of body armour.
You are cold-blooded and may be slowed by cold attacks.


Message History

A bat comes into view.
Found a sacrificial altar of Ru.
The bat closely misses you.
There is an open door here.
You miss the bat.
The hobgoblin shouts!
The bat misses you. The bat barely misses you.
You hit the bat.
You kill the bat!
The hobgoblin hits you with a flail.
* * * LOW HITPOINT WARNING * * *
You hit the hobgoblin but do no damage. You hit the hobgoblin.
The hobgoblin is severely wounded.
The hobgoblin hits you with a flail.
* * * LOW HITPOINT WARNING * * *
You hit the hobgoblin.
The hobgoblin is almost dead.
The hobgoblin hits you with a flail.
You die...

##### ...# #..#
#..####
#######.....#
+.._.†@.....# #
###.###g....###### #
#.....##...######
#..........†.....
.........##...######
.###.....##...#.....
........##...#...<.
###.....##...#.....
########...#.....


You could see a hobgoblin.

Vanquished Creatures
  3 adders (D:2)
  A worm (D:2)
  2 leopard geckos (D:1)
  2 bats
  A giant cockroach (D:1)
  3 goblins (D:1)
  4 hobgoblins
  2 jackals (D:1)
  A frilled lizard (D:2)
  A kobold (D:1)
  6 rats
26 creatures vanquished.

Notes
Turn   | Place    | Note
-------+----------+-------------------------------------------
     0 | D:1      | iamserjio the Draconian Monk began the quest for the Orb.
     0 | D:1      | Reached XP level 1. HP: 19/19 MP: 1/1
    78 | D:1      | Reached XP level 2. HP: 14/26 MP: 2/2
   301 | D:2      | Reached XP level 3. HP: 7/33 MP: 3/3
   432 | D:2      | Found a sacrificial altar of Ru.
   438 | D:2      | Slain by a hobgoblin

Vault maps used:
D:1:      dpeg_arrival_prison, serial_bayou, serial_bayou_shore_b,
          serial_bayou_crossing, serial_bayou_pond_d, serial_bayou_lagoon_b,
          grunt_decor_arrowhead, palyth_stone_intersect
D:2:      cheibrodos_greedy_goblins, lemuel_doored_altar,
          okawaru_altar_gauntlet_db

Skill      XL: |  1  2  3 |
---------------+----------+-----
Unarmed Combat | 4 |  4.2
Fighting       | 4 |  4.0
Dodging        | |  2.7
Stealth        | |  1.7

Action                   || total
-------------------------++-------
Melee: Unarmed           ||    98
       Tailslap          ||     7
       Punch             ||     1
Throw: Stone             ||     2
  Use: Potion            ||     1
 Stab: Sleeping          ||     1
Armor: Skin              ||    24
Dodge: Dodged            ||    57

Table legend:
 A = Spawn XP
 B = Non-spawn XP
 C = Spawn XP percentage of total XP
 D = Spawn monster count
 E = Non-spawn monster count
 F = Spawn count percentage of total count
 G = Total turns spent on level
                    A         B        C        D         E        F      G
               +---------+---------+-------+---------+---------+-------+---------
         Total |       0 |      81 |   0.0 |       0 |      26 |   0.0 |   438
               +---------+---------+-------+---------+---------+-------+---------
           D:1 |       0 |      28 |   0.0 |       0 |      16 |   0.0 |   267
           D:2 |       0 |      53 |   0.0 |       0 |      10 |   0.0 |   171
               +---------+---------+-------+---------+---------+-------+---------
